Map: Orbital Shipyard

Players

DrennoC - Winner!

  • Race: Protoss Protoss

prttygrlrock

  • Race: Terran Terran

VOD

Have the link to the VOD?

Description

Time

  • Played on: April 3, 2015, 3:32 p.m.
  • Length: 8:45
Show
View Real Time Build Order
Export as new Build Order

DrennoC Protoss - Winner!

Build Orders: Oracle Opening, Oracle Opening 

Get SALT Encoding   

  12  0:10  Pylon  
  12  0:15  Probe  
  13  0:27  Probe (Chrono Boost)  
  14  0:32  Gateway  
  14  0:39  Probe (Chrono Boost)  
  15  0:48  Assimilator  
  16  0:50  Probe (Chrono Boost), Assimilator  
  16  1:01  Probe  
  16  1:02  Pylon  
  17  1:13  Probe  
  18  1:19  Cybernetics Core  
  20  1:25  Zealot (Chrono Boost)  
  20  1:29  Probe  
  21  1:49  Probe  
  22  1:58  Warp Gate (Chrono Boost)  
  22  2:02  Mothership Core  
  24  2:21  Nexus  
  24  2:23  Probe  
  25  2:33  Stargate  
  25  2:35  Probe (Chrono Boost)  
  26  2:48  Stalker (Chrono Boost)  
  28  2:57  Probe  
  29  3:00  Pylon  
  29  3:06  Pylon  
  29  3:20  Oracle (Chrono Boost)  
  29  3:24  Probe  
  33  3:31  Gateway  
  33  3:36  Probe  
  33  3:38  Probe  
  35  3:49  Oracle  
  35  3:50  Probe (Chrono Boost)  
  35  3:51  Probe (Chrono Boost)  
  40  3:57  Pylon  
  41  4:04  Zealot  
  44  4:11  Pylon  
  44  4:12  Probe (Chrono Boost)  
  44  4:15  Probe (Chrono Boost)  
  44  4:20  Gateway  
  44  4:22  Probe (Chrono Boost)  
  45  4:28  Probe  
  46  4:39  Zealot  
  48  4:50  Stalker  
  48  4:52  Probe (Chrono Boost)  
  52  4:57  Assimilator  
  52  4:58  Probe (Chrono Boost)  
  52  5:02  Probe (Chrono Boost), Assimilator  
  52  5:05  Stalker, Probe (Chrono Boost)  
  56  5:23  Probe (Chrono Boost), Forge, Gateway  
  56  5:24  Pylon  
  56  5:25  Pylon  
  58  5:29  Probe (Chrono Boost), Zealot  
  58  5:30  Zealot  
  58  5:32  Probe (Chrono Boost)  
  63  5:43  Stalker  
  65  5:56  Probe (Chrono Boost)  
  67  6:02  Probe (Chrono Boost)  
  67  6:06  Probe (Chrono Boost)  
  67  6:07  Stalker x3  
  74  6:12  Protoss Ground Armor Level 1 (Chrono Boost)  
  74  6:15  Probe x2  
  76  6:22  Stalker  
  78  6:32  Twilight Council  
  78  6:35  Gateway  
  78  6:39  Pylon  
  75  6:47  Probe (Chrono Boost)  
  75  6:53  Probe (Chrono Boost)  
  77  6:59  Stalker x3  
  83  7:04  Nexus  
  83  7:07  Pylon  
  83  7:10  Charge (Chrono Boost)  
  83  7:15  Robotics Facility  
  83  7:23  Pylon  
  83  7:26  Stalker  
  83  7:27  Pylon  
  85  7:30  Probe (Chrono Boost)  
  85  7:35  Zealot  
  85  7:36  Probe (Chrono Boost)  
  89  7:40  Probe (Chrono Boost)  
  90  7:47  Zealot x2  
  94  7:55  Zealot  
  94  7:56  Probe x2  
  94  8:01  Oracle (Chrono Boost)  
  97  8:11  Zealot x3  
  103  8:15  Probe  
  104  8:30  Zealot  
  104  8:41  Stalker x3  
Show
View Real Time Build Order
Export as new Build Order

prttygrlrock Terran 

Build Orders: Mech 

Get SALT Encoding   

  12  0:01  SCV  
  13  0:15  SCV  
  13  0:19  Supply Depot  
  14  0:27  SCV  
  15  0:41  SCV  
  15  0:42  Barracks  
  16  0:49  Refinery  
  16  0:53  SCV  
  17  1:09  SCV  
  18  1:22  SCV  
  19  1:32  Command Center  
  19  1:35  SCV  
  20  1:40  Reaper  
  21  1:48  Supply Depot  
  21  1:58  SCV  
  22  2:11  Orbital Command  
  22  2:18  Barracks Tech Lab  
  22  2:26  Factory  
  22  2:36  SCV  
  23  2:42  Refinery, Concussive Shells  
  23  2:54  SCV  
  23  2:58  Marauder  
  25  3:06  SCV  
  26  3:16  Orbital Command  
  26  3:23  SCV  
  26  3:25  Factory Tech Lab  
  27  3:34  Starport  
  27  3:35  SCV  
  27  3:36  Marauder  
  30  3:47  SCV x2  
  35  3:58  Cyclone  
  35  4:02  SCV  
  36  4:04  SCV  
  37  4:14  SCV, Marauder  
  37  4:16  SCV  
  41  4:21  Starport Tech Lab  
  41  4:26  SCV  
  41  4:29  Refinery  
  42  4:43  Missile Turret  
  42  4:47  Missile Turret  
  42  4:50  Missile Turret  
  42  4:54  Missile Turret  
  42  4:57  Missile Turret x2  
  42  4:58  SCV  
  40  5:10  SCV  
  38  5:28  Supply Depot  
  38  5:30  Marine  
  38  5:33  Widow Mine  
  41  5:42  Viking  
  43  5:43  SCV  
  43  5:47  Barracks  
  44  5:50  Factory  
  44  5:55  SCV, Factory  
  45  6:00  Armory  
  45  6:02  Supply Depot  
  45  6:13  Missile Turret  
  45  6:14  SCV  
  46  6:18  SCV  
  47  6:29  Banshee  
  47  6:31  Cloaking Field  
  50  6:49  SCV  
  51  6:55  Refinery  
  51  7:02  SCV, Thor  
  51  7:04  Factory Tech Lab  
  58  7:14  SCV  
  59  7:16  SCV  
  60  7:25  Supply Depot  
  60  7:26  SCV, Supply Depot  
  60  7:27  Supply Depot  
  60  7:28  Supply Depot  
  61  7:38  SCV  
  62  7:47  Thor, Siege Tank  
  62  7:48  Thor  
  62  7:50  SCV  
  65  7:59  SCV  
  66  8:11  Barracks Reactor  
  69  8:18  SCV  
Tags
 
Add a new tag
Caveats
  • Supply blocks, unpowered buildings, or Contaminate may cause inaccurate times.
  • Supply counts are checked every 10 seconds.